 Dungeon Crawl Stone Soup version 0.28.0-47-ge53b351184 (webtiles) character file.

Game seed: 7148040795602936962

22045 H0rd4k the Eclecticist (level 12, -1/62 HPs)
             Began as a Deep Elf Hedge Wizard on May 4, 2022.
             Was an Initiate of Gozag.
             Slain by a five-headed hydra (6 damage)
             ... on level 2 of the Lair of Beasts on May 5, 2022.
             The game lasted 00:45:24 (21596 turns).

H0rd4k the Eclecticist (Deep Elf Hedge Wizard)     Turns: 21596, Time: 00:45:26

Health: -1/62      AC:  5    Str: 13    XL:     12   Next: 59%
Magic:  33/35      EV: 14    Int: 28    God:    Gozag
Gold:   2460       SH:  0    Dex: 14    Spells: 29/45 levels left

rFire   . . .      SeeInvis .   f - staff of conjuration
rCold   + . .      Faith    .   (no shield)
rNeg    + . .      Spirit   .   l - +2 robe {rN+}
rPois   .          Reflect  .   c - +0 hat
rElec   .          Harm     .   F - +0 cloak {Stlth+}
rCorr   .          Rampage  .   (no gloves)
Will    +....                   (no boots)
Stlth   +++.......              (no amulet)
HPRegen 0.20/turn               m - ring of flight
MPRegen 0.24/turn               I - ring "Diuticzi" {rC+ Str+6 Int+3}

@: flying
A: no striking features
a: Renounce Religion, Potion Petition, Call Merchant, Bribe Branch


You were on level 2 of the Lair of Beasts.
You worshipped Gozag.
Gozag was most pleased with you.
You visited 3 branches of the dungeon, and saw 14 of its levels.
You also visited: Ossuary.

You collected 2752 gold pieces.
You spent 207 gold pieces at shops.
You paid 85 gold pieces to Gozag.

Inventory:

Hand Weapons
 a - a +0 dagger
 v - a +4 dagger of freezing
Missiles
 Q - a throwing net
Armour
 c - a +0 hat (worn)
 l - a +2 robe of positive energy (worn)
 w - an orb of guile
 F - a +0 cloak of stealth (worn)
Magical Staves
 f - a staff of conjuration (weapon)
 E - a staff of fire
Jewellery
 m - a ring of flight (left hand)
 n - a ring of protection from cold
 G - a ring of poison resistance
 I - the ring "Diuticzi" (right hand) {rC+ Str+6 Int+3}
   (You bought it in a shop on level 6 of the Dungeon)

   [ring of strength]

   Str:       It affects your strength (+6).
   Int:       It affects your intelligence (+3).
   rC:        It protects you from cold.
 K - a ring of fire
 X - an amulet of magic regeneration
Wands
 t - a wand of acid (10)
 u - a wand of iceblast (6)
 A - a wand of charming (10)
 M - a wand of flame (21)
 N - a wand of digging (2)
 S - a wand of polymorph (4)
 V - a wand of mindburst (1)
Scrolls
 d - 4 scrolls of amnesia
 e - 5 scrolls of vulnerability
 h - a scroll of summoning {unknown}
 i - a scroll of immolation {unknown}
 k - 2 scrolls of enchant armour {unknown}
 r - a scroll of silence
 y - 2 scrolls of enchant weapon {unknown}
 C - 2 scrolls of torment {unknown}
 D - 3 scrolls of fear {unknown}
 H - a scroll of blinking {unknown}
 J - a scroll of fog {unknown}
 O - 2 scrolls of teleportation
 U - 7 scrolls of identify
 W - 2 scrolls of noise {unknown}
Potions
 b - 2 potions of lignification
 g - 3 potions of curing
 j - a potion of mutation {unknown}
 o - 2 potions of invisibility
 p - 4 potions of heal wounds
 q - 5 potions of attraction
 s - a potion of might
 x - 2 potions of resistance {unknown}
 z - 5 potions of flight
 B - a potion of brilliance {unknown}
 L - 3 potions of haste
 P - a potion of berserk rage {unknown}
 T - a potion of magic {unknown}


   Skills:
 + Level 2.0 Fighting
 + Level 5.3 Dodging
 - Level 2.4 Stealth
 + Level 17.0 Spellcasting
 + Level 13.0 Conjurations
 + Level 7.9 Hexes
 + Level 1.1 Summonings
 + Level 5.2 Translocations
 + Level 5.4 Fire Magic
 + Level 2.5 Air Magic
 + Level 3.3 Poison Magic
 + Level 4.4 Evocations


You had 29 spell levels left.
You knew the following spells:

 Your Spells              Type           Power      Damage    Failure   Level
a - Magic Dart            Conj           100%       1d8       0%          1
b - Blink                 Tloc           100%       N/A       1%          2
c - Conjure Flame         Conj/Fire      85%        6-21      1%          3
d - Mephitic Cloud        Conj/Pois/Air  73%        N/A       1%          3
e - Fulminant Prism       Conj/Hex       44%        3d20      1%          4
f - Swiftness             Air            38%        N/A       1%          3

Your spell library contained the following spells:

 Spells                   Type           Power      Damage    Failure   Level
 Shock                    Conj/Air       100%       1d9       1%          1
 Slow                     Hex            100%       N/A       1%          1
 Call Imp                 Summ           30%        N/A       1%          2
 Corpse Rot               Necr/Air       62%        N/A       1%          2
 Poisonous Vapours        Pois/Air       80%        N/A       1%          2
 Iskenderun's Mystic Bla  Conj/Tloc      84%        2d17      1%          4
 Lightning Bolt           Conj/Air       39%        1d58      2%          5
 Leda's Liquefaction      Hex/Erth       23%        N/A       3%          4
 Irradiate                Conj/Tmut      37%        3d26      3%          5
 Airstrike                Air            19%        N/A       7%          4
 Summon Lightning Spire   Summ/Air       34%        N/A       9%          4
 Blade Hands              Tmut           11%        N/A       47%         5
 Lee's Rapid Deconstruct  Erth           11%        3d9*      47%         5
 Statue Form              Tmut/Erth      15%        N/A       96%         6
 Dragon Form              Tmut           11%        N/A       100%        7


Dungeon Overview and Level Annotations

Branches:
Dungeon (11/15)            Temple (1/1) D:4            Lair (2/6) D:9
Ossuary (visited)
  Swamp: Lair:2-4    Shoals: Lair:2-4     Snake: Lair:2-4    Spider: Lair:2-4
    Orc: D:9-12

Altars:
Ashenzari
Cheibriados
Dithmenos
Elyvilon
Fedhas
Gozag
Hepliaklqana
Kikubaaqudgha
Makhleb
Nemelex Xobeh
Okawaru
Qazlal
Ru
Sif Muna
Trog
Uskayaw
Vehumet
Wu Jian
Xom
Yredelemnul
Zin
The Shining One

Shops:
D:6 **:((   D:9 ((   D:11 ?

Annotations:
D:2 exclusion: downstairs
D:4 exclusion: downstairs
D:6 exclusion: downstairs
D:7 3 runed translucent doors, exclusions: 3 doors and downstairs, CInkIbrahim's ghost, novice OpGl; manix's ghost, novice DDNe
D:8 exclusion: 2 downstairs
D:9 1 runed translucent door, exclusion: door
D:10 exclusion: upstairs
Lair:1 3 runed translucent doors, exclusions: 3 doors and 2 downstairs, Keadol's ghost, journeyman DrCj
Lair:2 exclusions: death yak and hydra


Message History

The fire ignites!
Saving game... please wait.
Level annotation: exclusions: death yak and hydra Welcome back, H0rd4k the Deep Elf Hedge Wizard.
Gozag says: Greed is good.
Press ? for a list of commands and other information.
Unknown command.
Cast which spell? (? or * to list)
You don't know that spell.
Aiming: Mindburst
Press: ? - help, Shift-Dir - straight line, f - five-headed hydra
Aim: a five-headed hydra (flame, chance to affect: 49%)
The five-headed hydra resists with some effort.
The five-headed hydra is engulfed in blazing flames.
The five-headed hydra closely misses you.
The five-headed hydra bites you. x3
The five-headed hydra bites you but does no damage.
Unknown command.
Aiming: Mindburst
Press: ? - help, Shift-Dir - straight line, f/p - five-headed hydra
Aim: a five-headed hydra (flame, lightly wounded, chance to affect: 49%)
The five-headed hydra resists with some effort.
The five-headed hydra is engulfed in blazing flames.
The five-headed hydra bites you! The five-headed hydra misses you.
The five-headed hydra closely misses you. x2
The five-headed hydra bites you!
Aiming: Mindburst
Press: ? - help, Shift-Dir - straight line, f/p - five-headed hydra
Aim: a five-headed hydra (flame, heavily wounded, chance to affect: 49%)
The five-headed hydra resists with some effort.
The five-headed hydra is engulfed in blazing flames.
The five-headed hydra bites you.
The five-headed hydra barely misses you.
The five-headed hydra bites you!
* * * LOW HITPOINT WARNING * * *
The five-headed hydra bites you!
* * * LOW HITPOINT WARNING * * *
The five-headed hydra bites you.
You die...
Your body crumbles into a pile of gold.

...............######.###
.........[..#...........########
...................##...#..#.#.##
.................................
#####.........#.....#.....#PP#...
# #..##.........................
####..###########################
P##...#♣...♣♣..D♣♣...♣##<.<##.♣.♣
##....#.♣♣♣..♣♣♣@.♣♣♣.#.....#♣.♣.
........♣ ♣..♣ ♣..♣ ♣.∩.....∩.♣.♣
....P.#.♣♣♣..♣♣♣..♣♣♣.#.....#♣.♣.
.#....#♣...♣♣...♣♣..(♣##.>.##.♣.♣
......#######♣.♣###### ##########
...........# ♣.♣♣ ♣.♣
.......###.# ♣♣.♣# ♣♣♣♣♣♣.♣♣♣♣♣♣
......#.#..# ♣♣§# ♣...........♣
.#P....##..# ♣♣§♣# ♣.....D..D..♣


You could see a five-headed hydra.

Vanquished Creatures
  A catoblepas (Lair:2)
  3 hydras
  A two-headed ogre (D:9)
  2 death yaks (Lair:2)
  4 elephants (Lair:2)
  A black mamba (Lair:2)
  8 cane toads (Lair:2)
  2 unseen horrors (D:10)
  A komodo dragon (Lair:2)
  2 trolls
  Prince Ribbit (D:6)
  Grinder (D:6)
  A shadow (D:11)
  2 wraiths (Ossuary)
  23 yaks
  4 water elementals (D:10)
  5 wyverns
  Eustachio (D:5)
  4 basilisks
  6 steam dragons
  Menkaure (D:6)
  8 water moccasins
  2 acid dragons (D:9)
  An ice beast (D:5)
  An orc warrior (D:10)
  A sky beast (D:7)
  A black bear (D:3)
  4 necrophages
  2 ogres
  4 wolves (Lair:2)
  2 centaurs
  A gnoll sergeant (D:9)
  2 kobold brigands
  11 bullfrogs
  2 scorpions
  10 killer bees
  12 wights
  3 howler monkeys (D:7)
  3 centaur zombies
  2 bullfrog zombies (D:6)
  A centaur skeleton (D:7)
  2 jellies
  An orc priest (D:11)
  A hound (D:7)
  2 gnoll shamans
  Ijyb (D:4)
  An iguana (D:4)
  An orc wizard (D:4)
  2 killer bee zombies (D:8)
  A hound skeleton (D:4)
  2 howler monkey zombies
  Robin (D:3)
  15 gnolls
  5 adders
  A shadow imp (D:8)
  2 white imps
  An ufetubus (D:4)
  An adder skeleton (D:5)
  2 adder zombies (Ossuary)
  2 dart slugs
  12 orcs
  6 ball pythons
  2 bats (D:1)
  5 endoplasms
  2 giant cockroaches
  16 goblins
  5 hobgoblins
  2 jackals (D:1)
  13 kobolds
  7 quokkas
  3 training dummies (D:9)
  2 ball python skeletons (Ossuary)
  A frilled lizard (D:1)
  3 hobgoblin skeletons (Ossuary)
  A hobgoblin zombie (Ossuary)
  An orc skeleton (Ossuary)
  4 rats
  A fulminant prism (Lair:2)
277 creatures vanquished.

Vanquished Creatures (others)
  2 bushes (D:9)
  87 fulminant prisms
  67 fungi
  30 plants
  5 withered plants (D:7)
191 creatures vanquished.

Grand Total: 468 creatures vanquished

Notes
Turn   | Place    | Note
-------+----------+-------------------------------------------
     0 | D:1      | H0rd4k the Deep Elf Hedge Wizard began the quest for the
                  | Orb.
     0 | D:1      | Reached XP level 1. HP: 10/10 MP: 7/7
   205 | D:1      | Reached skill level 5 in Spellcasting
   301 | D:1      | Reached XP level 2. HP: 15/15 MP: 7/10
  1178 | D:2      | Reached XP level 3. HP: 18/19 MP: 4/11
  1181 | D:2      | Learned a level 2 spell: Blink
  1185 | D:2      | Learned a level 3 spell: Conjure Flame
  1189 | D:2      | Learned a level 3 spell: Mephitic Cloud
  1828 | D:2      | Found a faded altar of an unknown god.
  2193 | D:3      | You fall into a shaft and drop 3 floors!
  2203 | D:6      | Reached XP level 4. HP: 16/24 MP: 10/13
  2232 | D:6      | Found Gaske Sulo's Book Emporium.
  2238 | D:6      | Noticed a necrophage
  2255 | D:6      | Noticed Grinder
  2294 | D:6      | Reached skill level 1 in Poison Magic
  2347 | D:6      | Found Etokhics's Assorted Antiques.
  2359 | D:6      | Reached skill level 6 in Spellcasting
  2359 | D:6      | Reached skill level 1 in Fire Magic
  2367 | D:6      | Found a sand-covered staircase.
  2369 | D:6      | Noticed Prince Ribbit
  2395 | D:6      | Killed Prince Ribbit
  2396 | D:6      | Reached skill level 1 in Air Magic
  2396 | D:6      | Reached XP level 5. HP: 14/28 MP: 0/16
  2396 | D:6      | Reached XP level 6. HP: 16/33 MP: 0/17
  2444 | Ossuary  | Entered an ossuary
  2978 | Ossuary  | Noticed a flying skull
  2978 | Ossuary  | Noticed a wraith
  2985 | Ossuary  | Noticed a flying skull
  3019 | Ossuary  | Noticed a flying skull
  3038 | Ossuary  | Noticed a flying skull
  3052 | Ossuary  | Noticed a flying skull
  3179 | Ossuary  | Noticed a wraith
  3196 | Ossuary  | Noticed a wraith
  3230 | Ossuary  | Killed a wraith
  3230 | Ossuary  | Killed a wraith
  3231 | Ossuary  | Reached skill level 7 in Spellcasting
  3231 | Ossuary  | Reached XP level 7. HP: 37/37 MP: 15/20
  3484 | D:6      | Reached skill level 8 in Spellcasting
  3562 | D:6      | Found Surch's Assorted Antiques.
  3578 | D:6      | Noticed Menkaure
  3590 | D:6      | Killed Menkaure
  3676 | D:6      | Reached XP level 8. HP: 40/42 MP: 4/22
  3873 | D:6      | Found Wagel's Weapon Boutique.
  3959 | D:6      | Reached skill level 5 in Conjurations
  3959 | D:6      | Reached skill level 1 in Evocations
  4116 | D:5      | Entered Level 5 of the Dungeon
  4135 | D:5      | Reached skill level 9 in Spellcasting
  4450 | D:5      | Noticed Eustachio
  4457 | D:4      | Found a staircase to the Ecumenical Temple.
  4465 | D:4      | Noticed Ijyb
  4467 | Temple   | Entered the Ecumenical Temple
  4591 | Temple   | Became a worshipper of Gozag Ym Sagoz the Greedy
  5151 | D:3      | Noticed Robin
  5163 | D:3      | Killed Robin
  5426 | D:3      | Found a hazy altar of Hepliaklqana.
  5429 | D:3      | Found a faded altar of an unknown god.
  5592 | D:4      | Killed Ijyb
  7480 | D:4      | Reached skill level 10 in Spellcasting
  7975 | D:5      | Reached XP level 9. HP: 46/46 MP: 13/25
  8186 | D:5      | Found a basalt altar of Yredelemnul.
  8229 | D:5      | Killed Eustachio
  9031 | D:6      | Bought a brightly glowing wooden ring for 100 gold pieces
  9031 | D:6      | Identified the ring "Diuticzi" {rC+ Str+6 Int+3} (You
                  | bought it in a shop on level 6 of the Dungeon)
  9250 | D:6      | Reached skill level 1 in Fighting
  9250 | D:6      | Reached skill level 11 in Spellcasting
  9480 | D:6      | Found Xeah's Weapon Boutique.
  9552 | D:6      | Killed Grinder
  9674 | D:6      | Learned a level 4 spell: Fulminant Prism
  9678 | D:6      | Learned a level 3 spell: Swiftness
  9749 | D:6      | Bought a glowing robe for 74 gold pieces
  9994 | D:7      | Reached skill level 1 in Hexes
 10797 | D:7      | Reached skill level 12 in Spellcasting
 10925 | D:7      | Found a runed translucent gate.
 10925 | D:7      | Found a runed translucent gate.
 10926 | D:7      | Found a runed translucent gate.
 10927 | D:7      | Noticed manix's ghost (novice DDNe)
 10927 | D:7      | Noticed CInkIbrahim's ghost (novice OpGl)
 12196 | D:8      | Reached XP level 10. HP: 52/52 MP: 21/28
 12923 | D:9      | Found Wosky's Firing Range.
 13381 | D:9      | Reached skill level 13 in Spellcasting
 13511 | D:9      | Noticed a two-headed ogre
 13521 | D:9      | Noticed a red ugly thing
 13883 | D:9      | Found Sykhlil's Antique Weapon Emporium.
 14231 | D:10     | Entered Level 10 of the Dungeon
 14279 | D:10     | Found a white marble altar of Elyvilon.
 14353 | D:10     | Reached skill level 10 in Conjurations
 14784 | D:10     | Found a burning altar of Makhleb.
 15002 | D:10     | Reached XP level 11. HP: 37/56 MP: 17/30
 15240 | D:10     | Reached skill level 14 in Spellcasting
 15601 | D:11     | Found Foanwieg's Magic Scroll Emporium.
 15610 | D:11     | Bought a scroll of teleportation for 33 gold pieces
 16024 | D:11     | Noticed an eight-headed hydra
 16034 | D:11     | Killed an eight-headed hydra
 16035 | D:11     | Reached skill level 5 in Hexes
 17404 | D:9      | Found a staircase to the Lair.
 17447 | D:9      | Reached skill level 15 in Spellcasting
 17633 | D:9      | Reached skill level 5 in Translocations
 17812 | D:9      | Killed a two-headed ogre
 17952 | D:9      | Found a runed translucent door.
 18063 | Lair:1   | Entered Level 1 of the Lair of Beasts
 18193 | Lair:1   | Found a runed translucent gate.
 18194 | Lair:1   | Found a runed translucent gate.
 18196 | Lair:1   | Found a runed translucent gate.
 18198 | Lair:1   | Noticed Keadol's ghost (journeyman DrCj)
 18886 | Lair:2   | Noticed a seven-headed hydra
 18934 | Lair:2   | Reached skill level 5 in Fire Magic
 18999 | Lair:2   | Reached skill level 5 in Dodging
 19002 | Lair:2   | Killed a seven-headed hydra
 19003 | Lair:2   | Reached XP level 12. HP: 27/61 MP: 3/33
 19239 | Lair:2   | Noticed a death yak
 19411 | Lair:2   | Reached skill level 16 in Spellcasting
 19832 | Lair:2   | Noticed a death yak
 19865 | Lair:2   | Killed a death yak
 19879 | Lair:2   | Killed a death yak
 20196 | Lair:2   | Noticed a four-headed hydra
 20243 | Lair:2   | Killed a four-headed hydra
 20348 | Lair:2   | Noticed a five-headed hydra
 20348 | Lair:2   | Noticed a five-headed hydra
 20348 | Lair:2   | Noticed a catoblepas
 20562 | Lair:2   | Noticed a catoblepas
 20576 | Lair:2   | Killed a catoblepas
 20656 | Lair:2   | Reached skill level 17 in Spellcasting
 21596 | Lair:2   | Slain by a five-headed hydra

Illustrated notes

Levels and vault maps discovered:
D:1:      heliophobic_arrival_enchanted_forest, layout_loops_ring
D:2:      layout_loops_ring, basic_ecumenical_altar, minmay_unequal
D:3:      layout_rooms, beargit_hepliaklqana_dungeon_heroes,
          serial_park_tiny_pond, uniq_robin
D:4:      layout_cave_pools, minmay_temple_entry_stoned_glass,
          minmay_crystal_room, minmay_ruptured, uniq_ijyb
D:5:      minmay_angry_zag, layout_layer_cave,
          mainiacjoe_overflow_small_starburst, nrook_loot_triangle,
          hangedman_decor_points, minmay_hedge_maze, uniq_eustachio
D:6:      layout_cave_pools, serial_shops, nicolae_inconvenience_store,
          nicolae_shop_statue_plus, nicolae_shop_bloodbath_and_beyond,
          kennysheep_little_box, nicolae_square_shop,
          nicolae_ossuary_entry_monument, uniq_grinder, uniq_menkaure,
          uniq_prince_ribbit1
D:7:      layout_basic, gammafunk_ghost_cemetery,
          hangedman_decor_diamond_cutter, roderic_filled_cross
D:8:      layout_cave_pods
D:9:      gammafunk_indiana_jones, layout_rooms, minmay_lair_entry_grove,
          serial_shops, shop, nicolae_shop_firing_range
D:10:     layout_roguey, mainiacjoe_overflow_catch_the_wave,
          nicolae_underground_beach
D:11:     layout_big_octagon, serial_shops, shop
Temple:   mainiacjoe_temple_coin_purse
Lair:1:   layout_misc_corridors, gammafunk_ghost_necromancy
Lair:2:   nzn_winding_woodlands_stair_trap
          [nzn_winding_woodlands_5x15_split_checker,
          nzn_winding_woodlands_5x15_zeroes, nzn_winding_woodlands_5x15_jagged,
          nzn_winding_woodlands_15x15_killbox,
          nzn_winding_woodlands_5x15_crooked, nzn_winding_woodlands_5x15_eye,
          nzn_winding_woodlands_5x15_twine], layout_misc_corridors,
          beast_lair_carwin_4, serial_bayou_shore_b

Skill      XL: |  1  2  3  4  5  6  7  8  9 10 11 12 |
---------------+-------------------------------------+-----
Spellcasting   | 5 6 7 8 10 12 13 15 17 | 17.0
Dodging        | 3 4 5 |  5.3
Conjurations   | 2 3 4 6 8 10 12 13 | 13.0
Poison Magic   | 2 3 |  3.3
Fire Magic     | 1 2 4 5 |  5.4
Air Magic      | 1 2 |  2.5
Translocations | 2 4 5 |  5.2
Evocations     | 1 3 4 |  4.4
Fighting       | 1 2 |  2.0
Hexes          | 3 4 6 7 |  7.9
Stealth        | |  2.4
Summonings     | |  1.1

Action                   |  1- 3 |  4- 6 |  7- 9 | 10-12 || total
-------------------------+-------+-------+-------+-------++-------
Melee: Staff             |       |       |       |     7 ||     7
 Cast: Magic Dart        |    88 |    54 |   411 |   256 ||   809
       Conjure Flame     |     1 |     7 |    31 |    44 ||    83
       Mephitic Cloud    |       |     2 |     9 |    14 ||    25
       Blink             |       |     5 |    13 |    15 ||    33
       Fulminant Prism   |       |       |     6 |    82 ||    88
       Swiftness         |       |       |       |     2 ||     2
Evoke: Wand              |       |     5 |     2 |    23 ||    30
  Use: Scroll            |       |       |     8 |     3 ||    11
       Potion            |       |       |     1 |     1 ||     2
Armor: Robe              |     4 |     1 |    17 |    30 ||    52
Dodge: Dodged            |    22 |     8 |    62 |    89 ||   181
